 Dungeon Crawl Stone Soup version 0.30-a0-374-g95c0257040 (webtiles) character file.

Game seed: 5751467984861514143

29821 arthad the Geomancer (level 13, -4/76 HPs)
             Began as a Gargoyle Earth Elementalist on Nov 24, 2022.
             Was the Champion of Okawaru.
             Killed from afar by an ice statue (31 damage)
             ... with a freezing blast
             ... on level 14 of the Dungeon on Nov 26, 2022.
             The game lasted 01:16:42 (15744 turns).

arthad the Geomancer (Gargoyle Earth Elementalist) Turns: 15744, Time: 01:16:42

Health: -4/76      AC: 28    Str: 12    XL:     13   Next: 47%
Magic:  32/34      EV: 12    Int: 21    God:    Okawaru [******]
Gold:   1564       SH:  0    Dex: 10    Spells: 5/28 levels left

rFire   . . .      SeeInvis .    S - +7 halberd (spect)
rCold   . . .      Faith    +    (shield currently unavailable)
rNeg    + . .      Spirit   .    N - +0 acid dragon scales
rPois   ∞          Reflect  .    (no helmet)
rElec   +          Harm     .    V - scarf {shadows}
rCorr   +          Rampage  .    U - +2 pair of gloves
Will    .....                    y - +2 pair of boots
Stlth   +++.......               c - amulet of faith
HPRegen 0.32/turn                j - ring of magical power
MPRegen 0.24/turn                B - +4 ring of protection

@: no status effects
A: sickness immunity, AC +9, negative energy resistance 1, electricity
resistance, torment resistance 1, petrification resistance, MP-powered wands
a: Renounce Religion, Heroism, Finesse, Duel


You were on level 14 of the Dungeon.
You worshipped Okawaru.
Okawaru was exalted by your worship.
You visited 2 branches of the dungeon, and saw 15 of its levels.
You also visited: Sewer and Bailey.

You collected 1564 gold pieces.

Inventory:

Hand Weapons
 p - a +1 longbow of flaming
 G - a +2 war axe of electrocution
 Q - a +0 war axe of flaming
 S - a +7 spectral halberd (weapon)
 Y - a +3 broad axe
Missiles
 d - 79 poisoned darts
 g - 7 javelins
 q - 5 curare-tipped darts
 D - 2 atropa-tipped darts
Armour
 y - a +2 pair of boots (worn)
 I - the +3 chain mail of Faol {rPois rN+ Regen+ Str-4}
   (Okawaru gifted it to you on level 10 of the Dungeon)

   Str:       It affects your strength (-4).
   rPois:     It protects you from poison.
   rN:        It protects you from negative energy.
   Regen:     It increases your rate of health regeneration.
 N - +0 acid dragon scales (worn)
 U - a +2 pair of gloves (worn)
 V - a scarf of shadows (worn)
Magical Staves
 z - a staff of earth
Jewellery
 c - an amulet of faith (around neck)
 j - a ring of magical power (left hand)
 v - a ring of see invisible
 A - a +4 ring of evasion
 B - a +4 ring of protection (right hand)
 J - a ring of fire
 T - a ring of wizardry
Wands
 i - a wand of polymorph (8)
 u - a wand of roots (5)
 L - a wand of light (9)
 M - a wand of paralysis (13)
 W - a wand of flame (36)
 X - a wand of mindburst (16)
Scrolls
 a - a scroll of brand weapon
 e - 3 scrolls of identify
 h - 6 scrolls of teleportation
 k - 3 scrolls of vulnerability
 m - a scroll of amnesia
 n - 9 scrolls of blinking
 s - a scroll of enchant armour
 x - 2 scrolls of magic mapping
 C - 2 scrolls of enchant weapon
 E - a scroll of summoning
 F - 3 scrolls of immolation
 H - 2 scrolls of fear
Potions
 b - 2 potions of magic
 f - 8 potions of heal wounds
 l - a potion of berserk rage
 o - 2 potions of resistance
 r - 3 potions of ambrosia
 t - 2 potions of lignification
 w - a potion of flight
 K - a potion of brilliance
 O - 6 potions of curing
 P - a potion of haste
 R - a potion of might
 Z - 4 potions of cancellation


   Skills:
 + Level 6.7 Fighting
 + Level 3.0 Polearms
 + Level 6.7 Armour
 + Level 5.6 Dodging
 + Level 8.1 Stealth
 * Level 8.4 Spellcasting
 * Level 8.6 Conjurations
 - Level 3.9 Hexes
 - Level 3.9 Summonings
 + Level 5.3 Transmutations
 + Level 3.5 Air Magic
 * Level 10.4 Earth Magic
 + Level 5.1 Invocations
 + Level 2.8 Evocations


You had 5 spell levels left.
You knew the following spells:

 Your Spells              Type           Power      Damage    Failure   Level
a - Sandblast             Erth           100%       2d20      1%          1
b - Passwall              Tmut/Erth      35%        N/A       1%          2
c - Stone Arrow           Conj/Erth      96%        3d13      1%          3
d - Summon Guardian Gole  Hex/Summ       25%        N/A       6%          3
e - Airstrike             Air            11%        2d(2-18)  24%         4
f - Petrify               Tmut/Erth      42%        N/A       4%          4
g - Ignite Poison         Fire/Tmut/Pois 16%        N/A       16%         3
h - Vhi's Electric Charg  Tloc/Air       32%        N/A       16%         3

Your spell library contained the following spells:

 Spells                   Type           Power      Damage    Failure   Level
 Foxfire                  Conj/Fire      100%       2x1d9     1%          1
 Kiss of Death            Conj/Necr      100%       2d13      1%          1
 Ensorcelled Hibernation  Hex/Ice        34%        N/A       8%          2
 Apportation              Tloc           16%        N/A       11%         1
 Necrotise                Necr           32%        1d5       11%         1
 Spider Form              Tmut/Pois      20%        N/A       11%         3
 Kindle Blastsparks       Fire/Tloc/Air  26%        2d12      21%         3
 Arcjolt                  Conj/Air       17%        1d27      24%         5
 Lightning Bolt           Conj/Air       17%        1d31      24%         5
 Anguish                  Hex/Necr       8%         N/A       43%         4
 Fireball                 Conj/Fire      13%        3d7       45%         5
 Freezing Cloud           Conj/Ice/Air   13%        6-21      50%         5
 Starburst                Conj/Fire      13%        6d6       95%         6
 Orb of Destruction       Conj           22%        9d8       95%         7
 Maxwell's Capacitive Co  Air            11%        ∞         100%        8
 Summon Small Mammal      Summ           Unusable   N/A       N/A         1
 Call Canine Familiar     Summ           Unusable   N/A       N/A         3
 Summon Lightning Spire   Summ/Air       Unusable   N/A       N/A         4
 Summon Ice Beast         Ice/Summ       Unusable   N/A       N/A         4
 Animate Dead             Necr           Unusable   N/A       N/A         4
 Haunt                    Necr/Summ      Unusable   N/A       N/A         7
 Spellforged Servitor     Conj/Summ      Unusable   N/A       N/A         7
 Infestation              Necr           Unusable   N/A       N/A         8

Dungeon Overview and Level Annotations

Branches:
Dungeon (14/15)            Temple (1/1) D:6            Lair (0/5) D:11
    Orc (0/2) D:12          Sewer (visited)          Bailey (visited)
 Vaults: D:13-14

Altars:
Ashenzari
Cheibriados
Dithmenos
Elyvilon
Fedhas
Gozag
Hepliaklqana
Kikubaaqudgha
Makhleb
Nemelex Xobeh
Okawaru
Qazlal
Ru
Sif Muna
Trog
Uskayaw
Vehumet
Wu Jian
Xom
Yredelemnul
Zin
The Shining One

Shops:
D:10 :

Portals:
Trove: D:13 (give 18 potions of curing)

Annotations:
D:14 exclusions: ice statue and orange crystal statue


Innate Abilities, Weirdness & Mutations

You are immune to sickness and miasma.
Your stone body is resilient. (AC +9)
You are immune to poison.
You resist negative energy. (rN+)
You are resistant to electric shocks. (rElec)
You are resistant to unholy torment.
You are immune to petrification.
You expend magic power (3 MP) to strengthen your wands.


Message History

Found a potion of heal wounds.
There is a stone staircase leading up here.
f - 8 potions of heal wounds (gained 1)
Found 8 stones.
No target in view!
An orange crystal statue and an ice statue come into view.
Found a potion of haste.
Marking area around an orange crystal statue and an ice statue as unsafe for travelling.
Found 26 gold pieces.
Casting: Vhi's Electric Charge (dangerous; 16% risk of failure)
Confirm with . or Enter, or press ? or * to list all spells.
Charge where?
Press: ? - help, Dir - move target, f - ice statue
Aim: an ice statue (unaware, hasn't noticed you)
You charge forward with an electric crackle!
You slash the ice statue!
The ice statue is lightly damaged.
Your +7 spectral halberd hits the ice statue!
The ice statue gestures at you. The freezing blast misses you.
Unknown command.
You slash the ice statue!
The ice statue is heavily damaged.
Your +7 spectral halberd hits the ice statue.
You are engulfed in freezing vapours.
Your +7 spectral halberd is engulfed in freezing vapours. x3
Your spectral weapon shares its damage with you!
The ice statue gestures at your +7 spectral halberd.
The shard of ice hits your +7 spectral halberd!
Your +7 spectral halberd partially resists.
Your spectral weapon shares its damage with you!
You strike the helpless ice statue from behind!
You hit the ice statue but do no damage.
The ice statue is severely damaged.
Your +7 spectral halberd hits the ice statue!
You are engulfed in freezing vapours.
Your +7 spectral halberd is engulfed in freezing vapours. x3
The ice statue gestures at you. The freezing blast engulfs you!!
You die...

##...##.#
#(....#.#
#?......#
#=.8....#
#$.....##
#=....##
##...##
#.○☼°.#
#.☼@○.#
#.°8(.#
#○...§#
#.....#
#######


You could see an ice statue (ally target) and a friendly +7 spectral halberd
(summoned).

Vanquished Creatures
  Nessos (D:13)
  2 vault guards (Bailey)
  A boulder beetle (D:13)
  Erica (D:9)
  2 two-headed ogres
  A centaur warrior (D:13)
  Urug (D:11)
  A deep elf pyromancer (D:13)
  2 cyclopes
  2 ugly things
  2 manticores
  Maurice (D:11)
  A cane toad (shapeshifter) (D:13)
  A gargoyle (D:12)
  Maggie (D:6)
  6 kobold demonologists
  A rime drake (D:11)
  A komodo dragon (D:12)
  7 trolls
  Prince Ribbit (D:5)
  Grinder (D:6)
  A blink frog (Bailey)
  3 slime creatures (D:13)
  Sigmund (D:2)
  3 shadows (D:10)
  A wraith (D:11)
  A vampire (D:10)
  Grum (D:9)
  4 humans (Bailey)
  A wyvern (D:9)
  8 vampire mosquitoes
  16 yaks
  Menkaure (D:3)
  2 acid dragons
  Duvessa (D:4)
  24 orc warriors
  Pargi (D:4)
  5 ice beasts (D:11)
  A sky beast (D:7)
  A black bear (D:5)
  4 ogres
  7 centaurs
  4 wolves
  A phantom (D:4)
  18 kobold brigands
  4 scorpions
  24 bullfrogs
  A necrophage (D:5)
  A gnoll sergeant (D:10)
  10 wights
  Dowan (D:4)
  17 killer bees
  An electric eel (D:12)
  5 howler monkeys
  4 hounds
  4 jellies
  14 orc priests
  5 iguanas
  17 orc wizards
  7 gnolls
  15 adders
  3 shadow imps (D:7)
  5 white imps
  An ufetubus (D:6)
  A worm (D:4)
  67 orcs
  10 ball pythons
  6 endoplasms
  11 giant cockroaches
  15 goblins
  6 hobgoblins
  26 kobolds
  3 quokkas
  A ball python skeleton (D:3)
  7 bats
  8 frilled lizards
  6 rats
453 creatures vanquished.

Notes
Turn   | Place    | Note
-------+----------+-------------------------------------------
     0 | D:1      | arthad the Gargoyle Earth Elementalist began the quest for
                  | the Orb.
     0 | D:1      | Reached XP level 1. HP: 10/10 MP: 3/3
   107 | D:1      | Reached skill level 1 in Transmutations
   107 | D:1      | Reached XP level 2. HP: 15/15 MP: 3/5
   213 | D:1      | Found a faded altar of an unknown god.
   714 | D:2      | Reached XP level 3. HP: 19/19 MP: 4/6
   778 | D:2      | Learned a level 2 spell: Passwall
   782 | D:2      | Learned a level 3 spell: Stone Arrow
   813 | D:2      | Reached skill level 4 in Earth Magic
  1006 | D:2      | Reached XP level 4. HP: 24/24 MP: 5/7
  1348 | D:2      | Got Benyruk's Papyrus of Forceful Calling
  1365 | D:2      | Noticed Sigmund
  1383 | D:2      | Gained mutation: You have a pair of small antennae on your
                  | head. [potion of mutation]
  1383 | D:2      | Gained mutation: You possess an exceptional clarity of
                  | mind. [potion of mutation]
  1383 | D:2      | Lost mutation: You possess an exceptional clarity of mind.
                  | [potion of mutation]
  1386 | D:2      | Killed Sigmund
  1387 | D:2      | Reached skill level 1 in Fighting
  1387 | D:2      | Reached skill level 1 in Armour
  1387 | D:2      | Reached skill level 1 in Conjurations
  1387 | D:2      | Reached XP level 5. HP: 14/29 MP: 4/9
  1387 | D:2      | Reached XP level 6. HP: 16/34 MP: 4/10
  2343 | D:3      | Found an ancient bone altar of Kikubaaqudgha.
  2344 | D:3      | Found a transporter.
  2453 | D:3      | Noticed Menkaure
  2458 | D:3      | Found a basalt altar of Yredelemnul.
  2461 | D:3      | Found a transporter.
  2738 | D:4      | Noticed Pargi
  2748 | D:4      | Killed Pargi
  2749 | D:4      | Reached XP level 7. HP: 9/39 MP: 8/12
  2937 | D:4      | Reached skill level 5 in Earth Magic
  3026 | D:4      | Noticed Duvessa
  3027 | D:4      | Noticed Dowan
  3031 | D:4      | Killed Duvessa
  3039 | D:4      | Killed Dowan
  3271 | D:4      | Learned a level 3 spell: Summon Guardian Golem
  3705 | D:5      | Entered Level 5 of the Dungeon
  3797 | D:5      | Found a glowing drain.
  3815 | Sewer    | Entered a sewer
  3920 | Sewer    | Reached XP level 8. HP: 43/45 MP: 14/14
  4069 | Sewer    | Learned a level 4 spell: Airstrike
  4451 | D:5      | Reached skill level 1 in Summonings
  4612 | D:5      | Noticed Prince Ribbit
  4619 | D:5      | Killed Prince Ribbit
  4620 | D:5      | Reached skill level 1 in Hexes
  5227 | D:5      | Reached XP level 9. HP: 51/51 MP: 16/16
  5362 | D:5      | Reached skill level 5 in Stealth
  5543 | D:5      | Reached skill level 5 in Spellcasting
  5870 | D:3      | Killed Menkaure
  5871 | D:3      | Reached skill level 6 in Earth Magic
  6159 | D:6      | Found a staircase to the Ecumenical Temple.
  6204 | D:6      | Noticed Maggie
  6209 | D:6      | Paralysed by Maggie for 3 turns
  6227 | D:6      | Noticed Grinder
  6238 | D:6      | Killed Maggie
  6246 | D:6      | Paralysed by Grinder for 2 turns
  6249 | D:6      | Killed Grinder
  6432 | Temple   | Entered the Ecumenical Temple
  6539 | Temple   | Became a worshipper of Warmaster Okawaru
  7558 | D:7      | Reached * piety under Okawaru
  7559 | D:7      | Reached XP level 10. HP: 57/57 MP: 18/18
  7768 | D:7      | Reached skill level 1 in Invocations
  7853 | D:7      | Found a stormy altar of Qazlal.
  8398 | D:8      | Identified a scroll of acquirement
  8398 | D:8      | Acquired a staff of earth
  8429 | D:8      | Found a hazy altar of Hepliaklqana.
  8436 | D:8      | Found a shadowy altar of Dithmenos.
  8451 | D:8      | Reached skill level 7 in Earth Magic
  8670 | D:8      | Reached ** piety under Okawaru
  8700 | D:8      | Found a flagged portal.
  8732 | Bailey   | Entered a bailey
  8788 | Bailey   | Reached skill level 5 in Conjurations
  8797 | Bailey   | Reached skill level 1 in Air Magic
  8809 | Bailey   | Reached *** piety under Okawaru
  9015 | Bailey   | Reached XP level 11. HP: 40/62 MP: 20/20
  9022 | Bailey   | Noticed a vault guard
  9032 | Bailey   | Killed a vault guard
  9032 | Bailey   | Reached **** piety under Okawaru
  9033 | Bailey   | Reached skill level 5 in Armour
  9033 | Bailey   | Reached skill level 8 in Earth Magic
  9149 | Bailey   | Identified the +2 leather armour of Yddu Dae {+Inv}
  9179 | Bailey   | Noticed a vault guard
  9185 | Bailey   | Killed a vault guard
  9185 | Bailey   | Reached ***** piety under Okawaru
  9186 | Bailey   | Reached skill level 5 in Fighting
 10006 | D:9      | Noticed Grum
 10017 | D:9      | Killed Grum
 10200 | D:9      | Reached skill level 1 in Polearms
 10242 | D:9      | Identified the +3 dagger of Ressie {freeze, rPois} (Okawaru
                  | gifted it to you on level 9 of the Dungeon)
 10242 | D:9      | Received a gift from Okawaru
 10424 | D:9      | Noticed Erica
 10430 | D:9      | Killed Erica
 10644 | D:9      | Received a gift from Okawaru
 10652 | D:9      | Reached XP level 12. HP: 61/68 MP: 22/22
 10655 | D:9      | Reached ****** piety under Okawaru
 10865 | D:9      | Learned a level 4 spell: Petrify
 10869 | D:9      | Learned a level 3 spell: Ignite Poison
 10878 | D:10     | Entered Level 10 of the Dungeon
 11097 | D:10     | Identified the +3 chain mail of Faol {rPois rN+ Regen+
                  | Str-4} (Okawaru gifted it to you on level 10 of the
                  | Dungeon)
 11097 | D:10     | Received a gift from Okawaru
 11098 | D:10     | Reached skill level 9 in Earth Magic
 11103 | D:10     | Noticed a two-headed ogre
 11121 | D:10     | Killed a two-headed ogre
 11137 | D:10     | Reached skill level 5 in Dodging
 11144 | D:10     | Reached skill level 1 in Evocations
 12273 | D:10     | Found Pec Ziqegg's Book Shoppe.
 12736 | D:11     | Noticed a two-headed ogre
 12742 | D:11     | Killed a two-headed ogre
 12782 | D:11     | Noticed Maurice
 12788 | D:11     | Killed Maurice
 12875 | D:11     | Found a staircase to the Lair.
 13101 | D:11     | Noticed Urug
 13109 | D:11     | Killed Urug
 13110 | D:11     | Reached skill level 5 in Transmutations
 13754 | D:12     | Reached skill level 10 in Earth Magic
 13754 | D:12     | Reached XP level 13. HP: 41/75 MP: 25/25
 14230 | D:12     | Received a gift from Okawaru
 14302 | D:12     | Upgraded the game from 0.30-a0-373-gd37427bb62 to
                  | 0.30-a0-374-g95c0257040
 14305 | D:12     | Lost mutation: You have a pair of small antennae on your
                  | head. [potion of mutation]
 14305 | D:12     | Gained mutation: You are frail. (-10% HP) [potion of
                  | mutation]
 14305 | D:12     | Gained mutation: Your magical capacity is low. (-10% MP)
                  | [potion of mutation]
 14305 | D:12     | Gained mutation: You do not regenerate when monsters are
                  | visible. [potion of mutation]
 14306 | D:12     | Lost mutation: You do not regenerate when monsters are
                  | visible. [potion of mutation]
 14306 | D:12     | Lost mutation: You are frail. (-10% HP) [potion of
                  | mutation]
 14306 | D:12     | Lost mutation: Your magical capacity is low. (-10% MP)
                  | [potion of mutation]
 14306 | D:12     | Gained mutation: You are weak. (Str -2) [potion of
                  | mutation]
 14306 | D:12     | Gained mutation: You occasionally lose the ability to read
                  | scrolls when taking damage. [potion of mutation]
 14306 | D:12     | Gained mutation: Your flesh is heat resistant. (rF+)
                  | [potion of mutation]
 14306 | D:12     | Gained mutation: You have large cloven feet. [potion of
                  | mutation]
 14307 | D:12     | Lost mutation: Your flesh is heat resistant. (rF+) [potion
                  | of mutation]
 14307 | D:12     | Lost mutation: You are weak. (Str -2) [potion of mutation]
 14307 | D:12     | Lost mutation: You have large cloven feet. [potion of
                  | mutation]
 14307 | D:12     | Gained mutation: Potions are less effective at restoring
                  | your health. [potion of mutation]
 14308 | D:12     | Lost mutation: You occasionally lose the ability to read
                  | scrolls when taking damage. [potion of mutation]
 14308 | D:12     | Lost mutation: Potions are less effective at restoring your
                  | health. [potion of mutation]
 14308 | D:12     | Gained mutation: You expend magic power (3 MP) to
                  | strengthen your wands. [potion of mutation]
 14572 | D:12     | Found a staircase to the Orcish Mines.
 14721 | D:13     | Learned a level 3 spell: Vhi's Electric Charge
 14864 | D:13     | Noticed Nessos
 14870 | D:13     | Killed Nessos
 14925 | D:13     | Reached skill level 5 in Invocations
 15073 | D:13     | Received a gift from Okawaru
 15219 | D:13     | Found a portal to a secret trove of treasure.
 15744 | D:14     | Killed from afar by an ice statue

Illustrated notes

Levels and vault maps discovered:
D:1:      dpeg_arrival_stonehenge_12_columns, layout_rooms,
          basic_ecumenical_altar
D:2:      layout_loops_ring, uniq_sigmund
D:3:      layout_loops_cross, gammafunk_temple_of_torment
D:4:      layout_loops_ring, uniq_duvessa, uniq_pargi
D:5:      kennysheep_spiral_hall, layout_basic, portal_sewer_entry_d,
          uniq_prince_ribbit1
D:6:      layout_loops_corners, temple_pool_b, uniq_grinder, uniq_maggie
D:7:      layout_basic, nicolae_qazlal_style_of_elements, minmay_joined_circles,
          uniq_menkaure
D:8:      layout_basic, riverfiend_overflow_shadow_ancestor, enter_bailey_5,
          minmay_holes
D:9:      layout_roguey [special_room_kobold], uniq_grum, uniq_erica
D:10:     minmay_polygon_palace, layout_stronghold, serial_shops,
          nicolae_stop_n_shop_2
D:11:     layout_irregular_city, hellmonk_lair_entry_icy, uniq_maurice,
          uniq_urug
D:12:     layout_roguey [special_room_orc], david_orc_4, kennysheep_potato
D:13:     layout_irregular_city, enter_trove_0, uniq_nessos
D:14:     layout_loops_ring, ximxim_vaults_locker_room, lemuel_round_altar,
          minmay_more_statues
Temple:   minmay_temple_bridge_d

Skill      XL: |  1  2  3  4  5  6  7  8  9 10 11 12 13 |
---------------+----------------------------------------+-----
Transmutations | 1 2 3 4 5 |  5.3
Earth Magic    | 4 5 6 7 8 10 | 10.4
Dodging        | 2 3 4 5 |  5.6
Stealth        | 3 4 5 6 7 8 |  8.1
Fighting       | 1 2 3 4 5 6 |  6.7
Armour         | 1 2 3 4 5 6 |  6.7
Spellcasting   | 3 4 5 6 7 8 |  8.4
Conjurations   | 1 2 3 4 5 6 8 |  8.6
Summonings     | 1 2 3 |  3.9
Hexes          | 1 2 3 |  3.9
Invocations    | 2 3 4 5 |  5.1
Air Magic      | 1 2 3 |  3.5
Polearms       | 1 2 3 |  3.0
Evocations     | 2 |  2.8

Action                   |  1- 3 |  4- 6 |  7- 9 | 10-12 | 13-15 || total
-------------------------+-------+-------+-------+-------+-------++-------
Melee: Unarmed           |     5 |       |       |       |       ||     5
       Halberd           |       |       |       |   346 |   133 ||   479
       Staff             |       |       |       |     3 |       ||     3
Throw: Dart              |       |     6 |     9 |     3 |       ||    18
 Cast: Sandblast         |    39 |    65 |   158 |    99 |     3 ||   364
       Stone Arrow       |       |     3 |    52 |    42 |       ||    97
       Passwall          |       |       |     2 |       |       ||     2
       Summon Guardian G |       |       |     2 |       |       ||     2
       Petrify           |       |       |       |     1 |     2 ||     3
       Vhi's Electric Ch |       |       |       |       |     5 ||     5
Invok: Heroism           |       |       |       |     1 |     1 ||     2
       Finesse           |       |       |       |       |     1 ||     1
Evoke: Wand              |       |       |     1 |     3 |       ||     4
       Phial of floods   |       |       |     1 |     1 |       ||     2
  Use: Potion            |       |     5 |       |     1 |     7 ||    13
       Scroll            |       |       |     6 |    19 |     2 ||    27
 Stab: Distracted        |       |       |       |     7 |     3 ||    10
       Sleeping          |       |       |       |     6 |     6 ||    12
       Petrified         |       |       |       |     1 |       ||     1
Armor: Robe              |     6 |    15 |    41 |       |       ||    62
       Acid dragon scale |       |       |     9 |   412 |    75 ||   496
Dodge: Dodged            |     7 |    35 |    72 |   357 |    84 ||   555

Table legend: (Time is in decaauts)
 A = Elapsed time spent in this place.
 B = Non-inter-level travel time spent in this place.
 C = Inter-level travel time spent in this place.
 D = Time resting spent in this place.
 E = Time spent auto-exploring this place.
 F = Levels seen in this place.
 G = Mean time per level.
                   A        B        C        D        E       F      G
               +--------+--------+--------+--------+--------+-----+--------+
         Total |  16221 |  15341 |    880 |   1650 |  10405 |  17 |  954.2 |
       Dungeon |  14839 |  14051 |    788 |   1527 |   9725 |  14 | 1059.9 |
        Temple |    178 |     86 |     92 |      0 |     75 |   1 |  178.0 |
         Sewer |    620 |    620 |      0 |      0 |    315 |   1 |  620.0 |
        Bailey |    581 |    581 |      0 |    123 |    288 |   1 |  581.0 |
               +--------+--------+--------+--------+--------+-----+--------+

Top non-repeatable levels by time:
    D:10: 1656 daAuts
     D:5: 1623 daAuts
    D:12: 1267 daAuts
     D:6: 1263 daAuts
     D:4: 1261 daAuts
     D:9: 1094 daAuts
     D:2: 1079 daAuts
     D:3: 1029 daAuts
    D:13: 1008 daAuts
    D:11: 985 daAuts
     D:8: 928 daAuts
     D:7: 877 daAuts
     D:1: 725 daAuts
   Sewer: 620 daAuts
  Bailey: 581 daAuts
